 Dungeon Crawl Stone Soup version 0.30-a0-170-g85af917532 (webtiles) character file.

Game seed: 15807830285073354668

94 qw the Chopper (level 4, 0/28 HPs)
             Began as a Gargoyle Fighter on Sept 30, 2022.
             Slain by a gnoll
             ... wielding a +0 halberd
              (10 damage)
             ... on level 3 of the Dungeon.
             The game lasted 00:00:57 (2717 turns).

qw the Chopper (Gargoyle Fighter)                   Turns: 2717, Time: 00:00:58

Health: 0/28       AC: 13    Str: 21    XL:     4   Next: 63%
Magic:  4/4        EV:  9    Int:  9    God:
Gold:   189        SH:  5    Dex: 15    Spells: 3/3 levels left

rFire   . . .      SeeInvis .    Y - +0 war axe
rCold   . . .      Faith    .    c - +0 buckler
rNeg    + . .      Spirit   .    b - +0 scale mail
rPois   inf        Reflect  .    (no helmet)
rElec   +          Harm     .    (no cloak)
rCorr   .          Rampage  .    (no gloves)
Will    .....                    k - +2 pair of boots {Fly}
Stlth   ..........               (no amulet)
HPRegen 0.09/turn                a - +6 ring of dexterity
MPRegen 0.09/turn                (no ring)

@: flying
A: sickness immunity, AC +3, negative energy resistance 1, electricity
resistance, torment resistance 1, petrification resistance
a: no special abilities


You were on level 3 of the Dungeon.
You visited 1 branch of the dungeon, and saw 3 of its levels.

You collected 189 gold pieces.


Innate Abilities, Weirdness & Mutations

You are immune to sickness and miasma.
Your stone body is resilient. (AC +3)
You are immune to poison.
You resist negative energy. (rN+)
You are resistant to electric shocks. (rElec)
You are resistant to unholy torment.
You are immune to petrification.


   Skills:
 - Level 3.2 Fighting
 + Level 4.0 Axes
 - Level 3.2 Armour
 - Level 1.0 Dodging
 - Level 3.2 Shields


You had 3 spell levels left.
You didn't know any spells.
Your spell library was empty.

Inventory:

Hand Weapons
 m - a +0 mace
 Y - a +0 war axe (weapon)
Armour
 b - a +0 scale mail (worn)
 c - a +0 buckler (worn)
 k - a +2 pair of boots of flying (worn)
Jewellery
 a - a +6 ring of dexterity (left hand)
 n - a ring of resist corrosion
Scrolls
 l - a scroll of immolation {unknown}
 o - a scroll of identify {unknown}
Potions
 d - a potion of might
 e - a potion of degeneration {unknown}
 f - a potion of mutation {unknown}
 g - a potion of attraction {unknown}
 h - a potion of curing
 i - 2 potions of haste
 j - 2 potions of heal wounds
 p - 2 potions of cancellation {unknown}

Dungeon Overview and Level Annotations

Branches:
Dungeon (3/15)

Altars:
Nemelex Xobeh
Qazlal


Message History

The orc closely misses you.
You closely miss the orc. You block the orc's attack.
The orc hits you but does no damage. x2
You barely miss the orc. x2
You block the orc's attack. The orc closely misses you.
You barely miss the orc. x2
The orc hits you but does no damage.
The gnoll hits you from afar with a +0 halberd!
The orc hits you but does no damage.
You barely miss the gnoll. You closely miss the orc.
You hit the orc but do no damage. The gnoll hits you but does no damage.
The orc misses you. The gnoll hits you with a +0 whip.
The orc hits you with a +0 mace. The gnoll barely misses you.
You block the gnoll's attack. The orc hits you but does no damage.
The orc hits you with a +0 hand axe.
You barely miss the gnoll. You closely miss the orc. You barely miss the orc.
The gnoll closely misses you.
The gnoll hits you from afar with a +0 halberd.
The orc hits you but does no damage. The orc barely misses you.
You barely miss the gnoll. You hit the orc. You closely miss the orc.
The gnoll barely misses you. The orc hits you but does no damage.
The gnoll hits you with a +0 whip. You block the orc's attack.
You barely miss the orc.
The orc is severely wounded.
You barely miss the gnoll. You hit the orc but do no damage.
The gnoll hits you but does no damage. The orc hits you but does no damage.
The gnoll hits you but does no damage. The orc barely misses you.
You block the gnoll's attack. The orc hits you but does no damage.
The gnoll hits you with a +0 whip. The orc hits you but does no damage.
You hit the orc but do no damage.
The orc is severely wounded.
You hit the gnoll. You barely miss the orc. The gnoll barely misses you.
You block the orc's attack. You block the gnoll's attack.
The orc hits you but does no damage.
You slash the orc!
You kill the orc!
You closely miss the gnoll. You slash the orc!
You kill the orc!
The gnoll hits you from afar with a +0 halberd!
You die...

7...^#.# #..# #....#
.7.7..#.# #..#
###### ..7.....#
#..#
........######.<#
................#
........######.##
.............##.####
####+#...g..#.##.#.#
####.#..@)....###.##
#........)....# ###
#.}.}.####g#..#
#.._..# g####
##}.}## .# ##.?# .w
##.# .g #+# ... ...


You could see 3 gnolls.

Vanquished Creatures
  A gnoll (D:3)
  2 adders
  A worm (D:2)
  A dart slug (D:1)
  2 orcs (D:3)
  8 endoplasms
  2 giant cockroaches (D:2)
  3 goblins
  11 hobgoblins
  2 jackals (D:2)
  6 kobolds
  2 quokkas
  2 ball pythons
  7 bats
  A frilled lizard (D:2)
  7 rats
58 creatures vanquished.

Notes
Turn   | Place    | Note
-------+----------+-------------------------------------------
     0 | D:1      | qw the Gargoyle Fighter began the quest for the Orb.
     0 | D:1      | Reached XP level 1. HP: 14/14 MP: 1/1
     0 | D:1      | 0 ||| qw: Version: 0.2-a-12-gaebbb33
     0 | D:1      | 0 ||| qw: Game counter: 1513
     0 | D:1      | 0 ||| qw: Always use a shield: true
     0 | D:1      | 0 ||| qw: God list: Okawaru
     0 | D:1      | 0 ||| qw: Allow faded altars: false
     0 | D:1      | 0 ||| qw: Do Orc after D:15 true
     0 | D:1      | 0 ||| qw: Do second Lair branch before Depths: true
     0 | D:1      | 0 ||| qw: Lair rune preference: random
     0 | D:1      | 0 ||| qw: Plans: Normal, Zot:1-4, God:TSO, Crypt, Tomb,
                  | Pan, Slime:5, Hells, Abyss, Orb
     0 | D:1      | 0 ||| PLANNING D:1-11
    17 | D:1      | Found a faded altar of an unknown god.
    49 | D:1      | Reached skill level 2 in Axes
   128 | D:1      | Reached XP level 2. HP: 19/19 MP: 2/2
   494 | D:1      | Reached skill level 3 in Axes
   804 | D:1      | 804 ||| READING scroll labelled AZOITADDIS.
   805 | D:1      | 805 ||| READING scroll labelled QEOMAY MUMPA.
   810 | D:1      | 810 ||| READING scroll labelled JULEPHENLEI.
   811 | D:1      | 811 ||| DRINKING 2 smoky ruby potions.
   834 | D:2      | 834 ||| STAIRDANCE
   842 | D:1      | Reached XP level 3. HP: 21/23 MP: 3/3
  1283 | D:2      | 1283 ||| DROPPING +0 club.
  1290 | D:2      | 1290 ||| Stepping ~*~*~tactically~*~*~ (stealth).
  1292 | D:2      | 1292 ||| Stepping ~*~*~tactically~*~*~ (stealth).
  1293 | D:2      | 1293 ||| Stepping ~*~*~tactically~*~*~ (stealth).
  1294 | D:2      | 1294 ||| Stepping ~*~*~tactically~*~*~ (stealth).
  1295 | D:2      | 1295 ||| Stepping ~*~*~tactically~*~*~ (stealth).
  1308 | D:2      | 1308 ||| FLEEEEING.
  1309 | D:2      | 1309 ||| FLEEEEING.
  1310 | D:2      | 1310 ||| STAIRDANCE
  1353 | D:1      | 1353 ||| DROPPING +0 leather armour of willpower.
  1354 | D:1      | 1354 ||| UPGRADING to +6 ring of dexterity.
  1355 | D:1      | 1355 ||| READING scroll labelled VEIPOG NAUMN.
  1356 | D:1      | 1356 ||| DRINKING 2 glowing ruby potions.
  1357 | D:1      | 1357 ||| DRINKING 2 lumpy yellow potions.
  1365 | D:2      | 1365 ||| Stepping ~*~*~tactically~*~*~ (stealth).
  1406 | D:2      | 1406 ||| Stepping ~*~*~tactically~*~*~ (stealth).
  1424 | D:2      | 1424 ||| Stepping ~*~*~tactically~*~*~ (stealth).
  1436 | D:2      | 1436 ||| Stepping ~*~*~tactically~*~*~ (stealth).
  1449 | D:2      | Reached skill level 1 in Dodging
  1715 | D:2      | Found a stormy altar of Qazlal.
  1758 | D:2      | Reached XP level 4. HP: 28/28 MP: 4/4
  2024 | D:2      | 2024 ||| READING scroll labelled VOXKAQA UWOP.
  2063 | D:2      | 2063 ||| READING scroll labelled QOFIDU IHIRAR.
  2063 | D:2      | Identified a scroll of acquirement
  2063 | D:2      | 2063 ||| ACQUIRING +2 pair of boots of flying
  2063 | D:2      | Acquired a +2 pair of boots of flying
  2065 | D:2      | 2065 ||| UPGRADING to +2 pair of boots of flying.
  2234 | D:3      | 2234 ||| Stepping ~*~*~tactically~*~*~ (stealth).
  2688 | D:3      | Found a sparkling altar of Nemelex Xobeh.
  2699 | D:3      | 2699 ||| Stepping ~*~*~tactically~*~*~ (hiding).
  2707 | D:3      | Reached skill level 4 in Axes
  2707 | D:3      | 2707 ||| Stepping ~*~*~tactically~*~*~ (hiding).
  2717 | D:3      | Slain by a gnoll

Levels and vault maps discovered:
D:1:      minmay_arrival_doors, layout_basic, basic_ecumenical_altar
D:2:      layout_basic, basic_altar, nrook_campfire, hex_large
D:3:      layout_basic, nemelex_xobeh_ov_fountains_minmay, amethyst_killhole,
          chequers_garden, kennysheep_potato

Skill      XL: |  1  2  3  4 |
---------------+-------------+-----
Axes           | 2 3 4 |  4.0
Dodging        | 1 |  1.0
Fighting       | |  3.2
Armour         | |  3.2
Shields        | |  3.2

Action                   |  1- 3 |  4- 6 || total
-------------------------+-------+-------++-------
Melee: War axe           |   104 |    61 ||   165
  Use: Scroll            |     4 |     2 ||     6
       Potion            |     3 |       ||     3
Armor: Scale mail        |    45 |    41 ||    86
Dodge: Dodged            |    44 |    28 ||    72
Block: Buckler           |    22 |    21 ||    43

Table legend:
 A = Non-vault XP
 B = Vault XP
 C = Vault XP percentage of total XP
 D = Non-vault monster count
 E = Vault monster count
 F = Vault count percentage of total count
                 A         B        C        D         E       F
            +---------+---------+-------+---------+---------+-------
      Total |     135 |       6 |   4.3 |      54 |       4 |   6.9
            +---------+---------+-------+---------+---------+-------
        D:1 |      34 |       0 |   0.0 |      18 |       0 |   0.0
        D:2 |      60 |       0 |   0.0 |      28 |       0 |   0.0
        D:3 |      41 |       6 |  12.8 |       8 |       4 |  33.3
            +---------+---------+-------+---------+---------+-------
